 Dungeon Crawl Stone Soup version 0.29.1-15-g9cfb28693d (webtiles) character file.

Game seed: 1729457530986092792

42 MisterFreud the Sneak (level 3, -2/17 HPs)
             Began as a Felid Berserker on Mar 7, 2023.
             Was a Believer of Trog.
             Slain by Crazy Yiuf
             ... wielding a +3 quarterstaff of chaos
              (9 damage)
             ... on level 2 of the Dungeon.
             The game lasted 00:02:05 (3071 turns).

MisterFreud the Sneak (Felid Berserker)             Turns: 3071, Time: 00:02:05

Health: -2/17      AC:  1    Str: 13    XL:     3   Next: 35%
Magic:  4/4        EV: 18    Int:  8    God:    Trog [**....]
Gold:   121        SH:  0    Dex: 17    Spells: 2/2 levels left
                                        Lives:  0   Deaths: 1

rFire   . . .      SeeInvis +     - Unarmed
rCold   . . .      Faith    .   (shield unavailable)
rNeg    . . .      Spirit   .   (body armour unavailable)
rPois   .          Reflect  .   (helmet unavailable)
rElec   .          Harm     .   (cloak unavailable)
rCorr   .          Rampage  .   (gloves unavailable)
Will    .....                   (boots unavailable)
Stlth   +++.......              (no amulet)
HPRegen 0.05/turn               (no ring)
MPRegen 0.09/turn               (no ring)

@: studying Stealth, invisible, quick
A: very small, claws 1, fangs 3, see invisible, speed 1, shaggy fur 1, stealthy
paws, no weapons or thrown items, no armour, multi-lived
a: Renounce Religion, Berserk, Trog's Hand


You were on level 2 of the Dungeon.
You worshipped Trog.
Trog was pleased with you.
You visited 1 branch of the dungeon, and saw 2 of its levels.

You collected 121 gold pieces.

Inventory:

Scrolls
 d - a scroll of fear {unknown}
 h - a scroll of blinking {unknown}
Potions
 a - 2 potions of lignification
 b - 2 potions of curing {unknown}
 c - a potion of haste {unknown}
 e - a potion of brilliance {unknown}
 f - 3 potions of mutation {unknown}
 g - a potion of attraction {unknown}


   Skills:
 - Level 3.0 Fighting
 - Level 4.0 Dodging
 + Level 5.3 Stealth
 + Level 4.2 Unarmed Combat


You had 2 spell levels left.
You didn't know any spells.
Your spell library was empty.

Dungeon Overview and Level Annotations

Branches:
Dungeon (2/15)

Altars:
Dithmenos

Annotations:
D:2 Crazy Yiuf


Innate Abilities, Weirdness & Mutations

You have sharp claws.
You have razor-sharp teeth.
You have supernaturally acute eyesight. (SInv)
You cover ground quickly. (Speed+)
You are covered in fur. (AC +1)
Your paws help you pounce on unaware monsters.
You are incapable of wielding weapons or throwing items.
You cannot wear armour.
You gain extra lives every three experience levels.


Message History

No reachable target in view!
Could not explore, unopened runed door.
No reachable target in view!
Could not explore, unopened runed door.
You open the door.
There is an open translucent door here.
A red film seems to cover your vision as you go berserk!
You feel yourself moving faster!
You feel mighty!
You scratch Crazy Yiuf.
Crazy Yiuf is lightly wounded.
Crazy Yiuf hits you with a +3 quarterstaff of chaos!
Ouch! That really hurt!
You are electrocuted!
You die...
You are now level 3!
You rejoin the land of the living...
Unknown command.
You see here 4 boomerangs.
Crazy Yiuf is nearby!
Crazy Yiuf is nearby!
Crazy Yiuf is nearby!
Crazy Yiuf yells, "Shower!"
Crazy Yiuf hits you with a +3 quarterstaff of chaos!
Ouch! That really hurt!
You fade into invisibility!
You are too injured to fight recklessly!
You scratch Crazy Yiuf.
Crazy Yiuf is moderately wounded.
There is an open translucent door, spattered with blood here.
You see here the felid corpse of MisterFreud.
Crazy Yiuf shouts!
You scratch Crazy Yiuf. Your claw misses Crazy Yiuf.
Crazy Yiuf is moderately wounded.
Crazy Yiuf closely misses you.
You scratch Crazy Yiuf but do no damage.
Your claw misses Crazy Yiuf.
Crazy Yiuf is moderately wounded.
Crazy Yiuf hits you with a +3 quarterstaff of chaos!
Ouch! That really hurt!
You die...

#........÷..##....)##
#...##.#....#........
#...##..).....#....##
###############......
###..## ♣♣♣♣♣####...)
#####♣♣♣.♣....##.##.
#.g.#♣..♣......#....
#..@†.♣♣♣♣.......###
#)..#♣♣ ♣♣....###
##### ♣♣####


You could see Crazy Yiuf (unable to see you).

Vanquished Creatures
  3 gnolls
  3 adders (D:2)
  A worm (D:2)
  2 endoplasms (D:2)
  3 giant cockroaches
  7 hobgoblins
  5 jackals (D:1)
  2 ball pythons (D:2)
  2 bats (D:1)
  A frilled lizard (D:2)
  4 kobolds
  3 rats
36 creatures vanquished.

Notes
Turn   | Place    | Note
-------+----------+-------------------------------------------
     0 | D:1      | MisterFreud the Felid Berserker began the quest for the
                  | Orb.
     0 | D:1      | Reached XP level 1. HP: 10/10 MP: 2/2
   222 | D:1      | Reached skill level 1 in Stealth
   230 | D:1      | Found a faded altar of an unknown god.
   353 | D:1      | Reached XP level 2. HP: 8/14 MP: 3/3
   511 | D:1      | Reached skill level 2 in Stealth
  1198 | D:1      | Identified a scroll of acquirement
  1198 | D:1      | Acquired a manual of Stealth
  1350 | D:2      | Reached skill level 3 in Stealth
  1350 | D:2      | Reached XP level 3. HP: 11/17 MP: 4/4
  1358 | D:2      | Reached ** piety under Trog
  1616 | D:2      | Found a shadowy altar of Dithmenos.
  1851 | D:2      | Reached skill level 4 in Stealth
  2266 | D:2      | Reached XP level 4. HP: 7/21 MP: 5/5
  2514 | D:2      | Found a runed translucent door.
  2515 | D:2      | Noticed Crazy Yiuf
  2546 | D:2      | Reached skill level 5 in Stealth
  3017 | D:2      | Slain by Crazy Yiuf
  3018 | D:2      | Reached XP level 3. HP: 0/25 MP: 4/4
  3071 | D:2      | Slain by Crazy Yiuf

Illustrated notes

Levels and vault maps discovered:
D:1:      saegor_arrival_simple_c, layout_basic, ebering_ecumenical_altar_webs
D:2:      layout_rooms, basic_altar, due_unseen_surprise,
          uniq_crazy_yiuf_cottage

Skill      XL: |  1  2  3  4 |
---------------+-------------+-----
Stealth        | 1 3 4 5 |  5.3
Unarmed Combat | 4 |  4.2
Fighting       | |  3.0
Dodging        | |  4.0

Action                   |  1- 3 |  4- 6 || total
-------------------------+-------+-------++-------
Melee: Unarmed           |    65 |    23 ||    88
       Punch             |     2 |       ||     2
       Bite              |     1 |     2 ||     3
Invok: Berserk           |     1 |     1 ||     2
  Use: Scroll            |     3 |       ||     3
 Stab: Sleeping          |     4 |     1 ||     5
       Distracted        |     1 |     1 ||     2
Armor: Skin              |     5 |       ||     5
Dodge: Dodged            |    47 |    12 ||    59
